 Dungeon Crawl Stone Soup version 0.30-a0-142-g7370640ec8 (webtiles) character file.

Game seed: 8849430090999778624

14 Ghostare the Grave Robber (level 2, -1/17 (20) HPs)
             Began as a Hill Orc Necromancer on Sept 26, 2022.
             Was a Follower of Vehumet.
             Slain by a necrophage (5 damage)
             ... on level 1 of the Dungeon.
             The game lasted 00:05:31 (966 turns).

Ghostare the Grave Robber (Hill Orc Necromancer)     Turns: 966, Time: 00:05:32

HP:   -1/17 (20)    AC:  6    Str: 10    XL:     2   Next: 41%
MP:   4/4           EV:  8    Int: 15    God:    Vehumet [*.....]
Gold: 26            SH:  0    Dex: 11    Spells: 3/4 levels left

rFire   . . .      SeeInvis .    d - +0 mace
rCold   . . .      Faith    .    (no shield)
rNeg    . . .      Spirit   .    k - +0 scale mail {Will+}
rPois   .          Reflect  .    (no helmet)
rElec   .          Harm     .    (no cloak)
rCorr   .          Rampage  .    (no gloves)
Will    +....                    (no boots)
Stlth   ..........               (no amulet)
HPRegen 0.05/turn                (no ring)
MPRegen 0.09/turn                (no ring)

@: heavily drained
A: no striking features
a: Renounce Religion


You were on level 1 of the Dungeon.
You worshipped Vehumet.
Vehumet was aware of your devotion.
You visited 1 branch of the dungeon, and saw 2 of its levels.

You collected 26 gold pieces.

Inventory:

Hand Weapons
 d - a +0 mace (weapon)
 h - a +0 sling
 l - a +0 dagger
Missiles
 j - 11 stones
Armour
 a - a +0 robe
 k - a +0 scale mail of willpower (worn)
Scrolls
 c - a scroll of fear {unknown}
Potions
 b - a potion of magic
 e - a potion of curing {unknown}
 f - a potion of haste {unknown}
 g - a potion of cancellation {unknown}
 i - a potion of might {unknown}


   Skills:
 + Level 0.5 Maces & Flails
 + Level 0.2 Ranged Weapons
 + Level 1.6 Dodging
 + Level 1.7 Stealth
 + Level 1.5 Spellcasting
 + Level 4.3 Necromancy


You had 3 spell levels left.
You knew the following spells:

 Your Spells              Type           Power      Damage    Failure   Level
a - Necrotise             Necr           56%        1d6       28%         1

Your spell library contained the following spells:

 Spells                   Type           Power      Damage    Failure   Level
 Magic Dart               Conj           4%         1d3       86%         1
 Vampiric Draining        Necr           14%        2d7       63%         3
 Blink                    Tloc           2%         N/A       95%         2
 Lesser Beckoning         Tloc           1%         N/A       99%         3
 Animate Dead             Necr           14%        N/A       95%         4
 Manifold Assault         Tloc           1%         N/A       100%        4
 Agony                    Necr           14%        N/A       100%        5


Dungeon Overview and Level Annotations

Branches:
Dungeon (2/15)

Altars:
Vehumet


Message History

You barely miss the necrophage. The necrophage closely misses you.
You barely miss the necrophage.
The necrophage hits you but does no damage.
The necrophage hits you.
You hit the necrophage but do no damage.
The necrophage hits you.
You feel drained.
The necrophage hits you but does no damage.
You climb upwards.
There is a stone staircase leading down here.
The necrophage barely misses you.
The necrophage attacks as you move away!
The necrophage hits you.
You feel drained.
The necrophage attacks as you move away!
The necrophage hits you but does no damage.
The necrophage attacks as you move away!
The necrophage misses you.
You sock the necrophage!
The necrophage is moderately damaged.
The necrophage hits you but does no damage.
You barely miss the necrophage.
The necrophage is moderately damaged.
The necrophage hits you but does no damage. x2
You closely miss the necrophage.
The necrophage is lightly damaged.
The necrophage closely misses you.
Casting: Necrotise (safe; 28% risk of failure)
Confirm with . or Enter, or press ? or * to list all spells.
You can't see any susceptible monsters within range! (Use Z to cast anyway.)
Casting: Necrotise (safe; 28% risk of failure)
Confirm with . or Enter, or press ? or * to list all spells.
You can't see any susceptible monsters within range! (Use Z to cast anyway.)
You closely miss the necrophage.
The necrophage is lightly damaged.
The necrophage hits you.
* * * LOW HITPOINT WARNING * * *
The necrophage barely misses you.
You hit the necrophage.
The necrophage is lightly damaged.
The necrophage hits you.
You die...

#.......#############...
#####................)..
#...###########.....
##..##### #.....
##.....#### ######
#####†...# ######...#
################........#
...............n@####...#
################## #####
#


You could see a necrophage.

Vanquished Creatures
  An endoplasm (D:1)
  3 goblins
  2 hobgoblins (D:1)
  2 quokkas (D:1)
  A ball python (D:2)
  A bat (D:1)
  2 rats
12 creatures vanquished.

Notes
Turn   | Place    | Note
-------+----------+-------------------------------------------
     0 | D:1      | Ghostare the Hill Orc Necromancer began the quest for the
                  | Orb.
     0 | D:1      | Reached XP level 1. HP: 14/14 MP: 3/3
   251 | D:1      | Found a faded altar of an unknown god.
   262 | D:1      | Prayed at the altar of an unknown god.
   262 | D:1      | Became a worshipper of Vehumet
   262 | D:1      | Reached * piety under Vehumet
   262 | D:1      | Offered knowledge of Magic Dart by Vehumet.
   316 | D:1      | Reached XP level 2. HP: 20/20 MP: 4/4
   632 | D:2      | Noticed a necrophage
   966 | D:1      | Slain by a necrophage

Illustrated notes

Levels and vault maps discovered:
D:1:      saegor_arrival_simple_c, layout_rooms,
          hellmonk_ecumenical_altar_run_dry
D:2:      layout_loops_ring, uniq_terence

Action                   || total
-------------------------++-------
Melee: Mace              ||    41
       Punch             ||     1
 Fire: Sling             ||    17
Armor: Robe              ||     6
       Scale mail        ||    17
Dodge: Dodged            ||    41

Table legend: (Time is in decaauts)
 A = Elapsed time spent in this place.
 B = Non-inter-level travel time spent in this place.
 C = Inter-level travel time spent in this place.
 D = Time resting spent in this place.
 E = Time spent auto-exploring this place.
 F = Levels seen in this place.
 G = Mean time per level.
                   A        B        C        D        E       F      G
               +--------+--------+--------+--------+--------+-----+--------+
         Total |    993 |    987 |      6 |    532 |      0 |   2 |  496.5 |
       Dungeon |    993 |    987 |      6 |    532 |      0 |   2 |  496.5 |
               +--------+--------+--------+--------+--------+-----+--------+

Top non-repeatable levels by time:
     D:1: 935 daAuts
     D:2: 57 daAuts
